AoeStats
← estevoleal

Migration

504041243Analyzed
1v1 RM · 29d ago on Sep 3, 2026· 39m 12s· 2 players
Game mode
Random Map
Map size
132×132
Population
200
Speed
Normal
Resources
Standard
Victory
Conquest
Starting age
Dark Age
Ending age
Imperial Age
RankedLock teamsTeams togetherTeam positionsShared explorationLock speedFull tech treeHidden civsTurbo modeCheats
Victory
Defeat
🇺🇸 Portuguese · United States
461
+12
🇧🇷 Persians · Brazil
370
-12
estevoleal
8:13 Feudal Age
22:00 Castle Age
38:16 Imperial Age
NOMERCY4364
10:07 Feudal Age
10:42 Double-Bit Axe
11:00 Fishing Lines
12:51 Wheelbarrow
15:30 Gold Mining
15:34 Stone Mining
23:05 Castle Age
24:34 Town Watch
25:12 Bow Saw
26:34 Hand Cart
26:34 Gillnets
26:49 Fletching
29:45 Stone Shaft Mining
30:39 Medium Warships
32:10 Bodkin Arrow
36:00 Imperial Age
34:48 Murder Holes
34:39 Pikeman
37:09 Treadmill Crane
37:02 Halberdier
Connection lost

Rejoining the realm…

Still unreachable

The connection could not be restored.

Session expired

The server has moved on; the page needs a fresh start.